 Dungeon Crawl Stone Soup version 0.30.0-29-ga12c61a403 (webtiles) character file.

Game seed: 5264815938709066110

287 cdecastro the Grave Robber (level 6, -3/45 HPs)
             Began as a Ghoul Necromancer on June 23, 2023.
             Was a Priest of Makhleb.
             Slain by an ufetubus (4 damage)
             ... on level 3 of the Dungeon.
             The game lasted 00:08:53 (3672 turns).

cdecastro the Grave Robber (Ghoul Necromancer)      Turns: 3672, Time: 00:08:54

Health: -3/45      AC:  2    Str: 12    XL:     6   Next: 30%
Magic:  1/7        EV: 12    Int:  9    God:    Makhleb [***...]
Gold:   190        SH:  0    Dex: 15    Spells: 2/8 levels left

rFire   . . .        m - +7 dagger "Ipraos" {flame, rElec Will++ Int-3}
rCold   + . .        (no shield)
rNeg    + + +        a - +0 robe
rPois   ∞            (no helmet)
rElec   +            (no cloak)
rCorr   .            (no gloves)
SInv    .            (no boots)
Will    ++...        (no amulet)
Stlth   ++           c - +6 ring of dexterity
HPRegen 0.00/turn    (no ring)
MPRegen 0.10/turn

%: no passive effects
@: inhibited regen
A: claws 1, cold resistance 1, negative energy resistance 3, inhibited
regeneration, torment resistance 2, devour on kill
a: Renounce Religion, Minor Destruction, Lesser Servant of Makhleb


You were on level 3 of the Dungeon.
You worshipped Makhleb.
Makhleb was most pleased with you.
You visited 1 branch of the dungeon, and saw 4 of its levels.

You collected 190 gold pieces.

Inventory:

Hand Weapons
 k - a +4 quarterstaff
 m - the +7 dagger "Ipraos" (weapon) {flame, rElec Will++ Int-3}
   (You found it on level 2 of the Dungeon)

   Int:       It affects your intelligence (-3).
   rElec:     It insulates you from electricity.
   Will:      It greatly increases your willpower.
Armour
 a - a +0 robe (worn)
Jewellery
 c - a +6 ring of dexterity (left claw)
Scrolls
 g - 5 scrolls of teleportation {unknown}
 h - a scroll of identify {unknown}
 i - a scroll of immolation {unknown}
 j - a scroll of vulnerability {unknown}
 n - a scroll of enchant weapon {unknown}
Potions
 b - a potion of magic
 d - a potion of degeneration {unknown}
 e - a potion of brilliance {unknown}
 f - a potion of lignification {unknown}
 l - a potion of attraction {unknown}
 o - a potion of flight {unknown}
 p - 2 potions of heal wounds {unknown}
 q - a potion of curing {unknown}


   Skills:
 * Level 3.2 Staves
 - Level 1.7 Dodging
 - Level 2.1 Stealth
 - Level 1.7 Spellcasting
 + Level 6.3 Necromancy


You had 2 spell levels left.
You knew the following spells:

 Your Spells              Type           Power      Damage    Failure   Level
a - Necrotise             Necr           48%        1d6       2%          1
b - Cigotuvi's Dreadful   Necr/Pois/Air  8%         N/A       22%         2
c - Vampiric Draining     Necr           12%        2d6       8%          3

Your spell library contained the following spells:

 Spells                   Type           Power      Damage    Failure   Level
 Animate Dead             Necr           12%        N/A       26%         4
 Dispel Undead            Necr           12%        3d9       26%         4
 Agony                    Necr           12%        N/A       58%         5
 Portal Projectile        Hex/Tloc       0%         N/A       71%         3
 Tukima's Dance           Hex            0%         N/A       71%         3
 Death Channel            Necr           6%         N/A       99%         6
 Blade Hands              Tmut           Unusable   N/A       N/A         5

Dungeon Overview and Level Annotations

Branches:
Dungeon (4/15)
 Temple: D:4-7

Altars:
Makhleb
Trog

Annotations:
D:4 Eustachio


Innate Abilities, Weirdness & Mutations

You are immune to poison.
You have sharp fingernails.
Your flesh is cold resistant. (rC+)
You are immune to negative energy. (rN+++)
You do not regenerate when monsters are visible.
You are immune to unholy pain and torment.
You thrive by killing the living.


Message History

You draw life force from Eustachio.
The ufetubus hits you. x2
Eustachio hits you with a +0 rapier. The crimson imp completely misses you.
Unknown command.
Unknown command.
Unknown command.
You puncture Eustachio! You burn Eustachio.
Eustachio is heavily wounded.
The ufetubus hits you but does no damage.
The ufetubus hits you. Eustachio hits you with a +0 rapier!
* * * LOW HITPOINT WARNING * * *
The quasit barely misses you. x3; The iron imp hits you.
* * * LOW HITPOINT WARNING * * *
The ufetubus hits you.
* * * LOW HITPOINT WARNING * * *
The ufetubus barely misses you. The crimson imp hits you.
* * * LOW HITPOINT WARNING * * *
Eustachio hits you with a +0 rapier.
* * * LOW HITPOINT WARNING * * *
The quasit closely misses you. The quasit barely misses you.
The quasit claws you.
* * * LOW HITPOINT WARNING * * *
The ufetubus barely misses you.
The ufetubus hits you but does no damage.
Eustachio casts a spell.
Eustachio blinks!
The iron imp hits you.
* * * LOW HITPOINT WARNING * * *
The crimson imp barely misses you.
You climb upwards.
There is a stone staircase leading down, spattered with blood here.
Things that are here:
a +0 leather armour; a +0 short sword Unknown command.
You barely miss the ufetubus. The ufetubus barely misses you. x2
The ufetubus misses you. The ufetubus hits you.
* * * LOW HITPOINT WARNING * * *
Unknown command.
You hit the ufetubus. You burn the ufetubus. Your claw misses the ufetubus.
The ufetubus is moderately wounded.
The ufetubus closely misses you. The ufetubus hits you.
You die...

############
...........#
#####.####.###########
# #.###...#...@5...# #
#.##.###..######.# #
#....# #...# #.# #
####.###...# #.# #
##...#..# #.# #
##.##..#####.#
##########.##......#.#
.......†......####[#.#
###.#########.##.....#


You could see an ufetubus.

Vanquished Creatures
  A gnoll bouda (D:4)
  A hound (D:4)
  3 gnolls (D:4)
  4 adders (D:2)
  3 shadow imps (D:4)
  A white imp (D:4)
  2 ufetubi (D:4)
  A worm (D:2)
  3 dart slugs (D:2)
  12 orcs
  9 ball pythons
  3 bats
  8 endoplasms
  14 goblins
  9 hobgoblins
  6 jackals
  2 quokkas
  3 frilled lizards
  12 kobolds
  4 rats
101 creatures vanquished.

Vanquished Creatures (collateral kills)
  A goblin (D:1)
  A rat (D:1)
2 creatures vanquished.

Vanquished Creatures (others)
  A butterfly (D:4)
1 creature vanquished.

Grand Total: 104 creatures vanquished

Notes
Turn   | Place    | Note
-------+----------+-------------------------------------------
     0 | D:1      | cdecastro the Ghoul Necromancer began the quest for the
                  | Orb.
     0 | D:1      | Reached XP level 1. HP: 14/14 MP: 2/2
    89 | D:1      | Reached XP level 2. HP: 4/20 MP: 0/3
   822 | D:2      | Found a faded altar of an unknown god.
   837 | D:2      | Reached XP level 3. HP: 26/26 MP: 4/4
   841 | D:2      | Prayed at the altar of an unknown god.
   841 | D:2      | Became a worshipper of Makhleb the Destroyer
   841 | D:2      | Reached * piety under Makhleb
   894 | D:2      | Reached skill level 5 in Necromancy
  1372 | D:2      | Reached XP level 4. HP: 33/33 MP: 5/5
  1411 | D:2      | Identified the +7 dagger "Ipraos" {flame, rElec Will++
                  | Int-3}
  2104 | D:2      | Reached skill level 1 in Staves
  2181 | D:2      | Learned a level 2 spell: Cigotuvi's Dreadful Rot
  2185 | D:2      | Learned a level 3 spell: Vampiric Draining
  2280 | D:3      | Reached ** piety under Makhleb
  2411 | D:3      | Reached XP level 5. HP: 36/38 MP: 6/6
  2579 | D:3      | Found a bloodstained altar of Trog.
  2940 | D:4      | Reached skill level 6 in Necromancy
  3111 | D:4      | Reached *** piety under Makhleb
  3265 | D:4      | Reached XP level 6. HP: 37/45 MP: 7/7
  3381 | D:4      | Noticed Eustachio
  3671 | D:3      | HP: 1/45 [ufetubus (4)]
  3672 | D:3      | Slain by an ufetubus

Illustrated notes

Levels and vault maps discovered:
D:1:      lemuel_arrival_cross, layout_basic, glass_columns_b, minmay_surrounded
D:2:      minmay_razor_zed, layout_loops_corners, basic_ecumenical_altar,
          hangedman_decor_clover_reticule
D:3:      cheibrodos_greedy_goblins, layout_loops_ring, pf_just_have_faith
D:4:      layout_cave_pools, nicolae_elyvilon_peaceful_grove, serial_demonic,
          serial_demonic_e, serial_demonic_e, serial_demonic_b,
          serial_demonic_a, serial_demonic_e, serial_demonic_e,
          serial_demonic_g, grunt_ministairs_9, uniq_eustachio

Skill      XL: |  1  2  3  4  5  6 |
---------------+-------------------+-----
Necromancy     | 5 6 |  6.3
Staves         | 1 2 3 |  3.2
Dodging        | |  1.7
Stealth        | |  2.1
Spellcasting   | |  1.7

Action                     |  1- 3 |  4- 6 || total
---------------------------+-------+-------++-------
  Melee: Unarmed           |    29 |       ||    29
         Dagger            |    40 |   169 ||   209
         Punch             |     1 |     1 ||     2
         Quarterstaff      |     4 |       ||     4
   Cast: Necrotise         |    24 |       ||    24
         Vampiric Draining |       |     7 ||     7
   Stab: Sleeping          |     4 |     4 ||     8
         Distracted        |       |     1 ||     1
 Armour: Robe              |     9 |    14 ||    23
  Dodge: Dodged            |    34 |   124 ||   158
